 Seeded DCSS version 0.29.1-15-g9cfb28693d (webtiles) character file.

Game seed: 17220236881765517076 (custom seed)

28 Darius099 the Ruffian (level 2, -5/29 HPs)
             Began as a Troll Monk on Mar 7, 2023.
             Slain by an iguana (11 damage)
             ... on level 2 of the Dungeon.
             The game lasted 00:01:42 (689 turns).

Darius099 the Ruffian (Troll Monk)                   Turns: 689, Time: 00:01:42

Health: -5/29      AC:  4    Str: 18    XL:     2   Next: 96%
Magic:  1/1        EV: 10    Int:  6    God:
Gold:   37         SH:  0    Dex: 12    Spells: 1/1 levels left

rFire   . . .      SeeInvis .     - Unarmed
rCold   . . .      Faith    .   (no shield)
rNeg    . . .      Spirit   .   a - +0 robe
rPois   .          Reflect  .   (helmet restricted)
rElec   .          Harm     .   (no cloak)
rCorr   .          Rampage  .   (gloves unavailable)
Will    .....                   (boots unavailable)
Stlth   ++........              (no amulet)
HPRegen 0.89/turn               (no ring)
MPRegen 0.07/turn               (no ring)

@: no status effects
A: large, unfitting armour, claws 3, regeneration 1, shaggy fur 1, tough skin 1
a: no special abilities


You were on level 2 of the Dungeon.
You visited 1 branch of the dungeon, and saw 2 of its levels.

You collected 37 gold pieces.

Inventory:

Armour
 a - a +0 robe (worn)
Scrolls
 c - a scroll of teleportation {unknown}
 e - a scroll of poison {unknown}
 f - a scroll of noise {unknown}
 g - a scroll of enchant weapon {unknown}
Potions
 b - a potion of ambrosia
 d - 2 potions of curing {unknown}


   Skills:
 - Level 2.5 Fighting
 - Level 2.5 Dodging
 - Level 1.1 Stealth
 + Level 3.8 Unarmed Combat


You had one spell level left.
You didn't know any spells.
Your spell library was empty.

Dungeon Overview and Level Annotations

Branches:
Dungeon (2/15)

Altars:


Innate Abilities, Weirdness & Mutations

You are too large for most types of armour.
You have claws for hands.
Your natural rate of healing is unusually fast.
You are covered in fur. (AC +1)
You have tough skin. (AC +1)


Message History

There is a fountain of sparkling water here.
You claw the dart slug!
You kill the dart slug!
No target in view!
No target in view!
You see here a dart slug corpse.
There is a fountain of clear blue water here.
There is a fountain of clear blue water here.
Partly explored, can't reach some places.
Partly explored, can't reach some places.
There is a stone staircase leading down here.
You climb downwards.
There is a stone staircase leading up here.
Found a sling.
The iguana hisses angrily.
The iguana misses you.
You scratch the iguana.
The iguana is moderately wounded.
You closely miss the iguana.
The iguana is moderately wounded.
The iguana bites you!
You scratch the iguana.
The iguana is moderately wounded.
The iguana barely misses you. The dart slug closely misses you.
You barely miss the iguana.
The iguana is moderately wounded.
The iguana bites you! The dart slug barely misses you.
You are too injured to fight recklessly!
You are too injured to fight recklessly!
You are too injured to fight recklessly!
There is a stone staircase leading up here.
The iguana attacks as you move away! The iguana bites you!
* * * LOW HITPOINT WARNING * * *
You closely miss the iguana.
The iguana is moderately wounded.
The iguana bites you but does no damage.
You barely miss the iguana.
The iguana is moderately wounded.
The iguana bites you!
You die...

... . ..# ..
.. #. #. #.
#.## . #.
#..### ...
#.###...#.....
#..@lw........
########......
.)... .... ...
.. .


You could see an iguana and a dart slug.

Vanquished Creatures
  3 dart slugs (D:1)
  2 endoplasms (D:1)
  A giant cockroach (D:1)
  3 hobgoblins (D:1)
  4 jackals (D:1)
  A kobold (D:1)
  3 ball pythons (D:1)
  A bat (D:1)
  A rat (D:1)
19 creatures vanquished.

Vanquished Creatures (others)
  3 demonic plants (D:1)
3 creatures vanquished.

Grand Total: 22 creatures vanquished

Notes
Turn   | Place    | Note
-------+----------+-------------------------------------------
     0 | D:1      | Darius099 the Troll Monk began the quest for the Orb.
     0 | D:1      | Reached XP level 1. HP: 22/22 MP: 0/0
   267 | D:1      | Found a faded altar of an unknown god.
   315 | D:1      | Reached XP level 2. HP: 29/29 MP: 1/1
   689 | D:2      | Slain by an iguana

Illustrated notes

Levels and vault maps discovered:
D:1:      minmay_arrival_widening_spiral_narrow, layout_rooms,
          shapermc_ecumenical_altar_gd, grunt_decor_mini_mirrors,
          minmay_misc_feat_more_columns
D:2:      layout_rooms, serial_shops, shop_coins, minmay_misc_feat_doors,
          minmay_heptomino_w4

Action                   || total
-------------------------++-------
Melee: Unarmed           ||    37
 Stab: Sleeping          ||     1
Armor: Robe              ||    14
Dodge: Dodged            ||    15
